 Dungeon Crawl Stone Soup version 0.24.0-13-gcf9b319 (webtiles) character file.

Game seed: 10735216652243541225, levelgen mode: deterministic

111 ClockworkOrrery the Skirmisher (level 4, -2/32 HPs)
             Began as a Gargoyle Fighter on Mar 28, 2020.
             Slain by a gnoll
             ... wielding a +0 halberd
              (7 damage)
             ... on level 3 of the Dungeon.
             The game lasted 00:03:28 (1680 turns).

ClockworkOrrery the Skirmisher (Gargoyle Fighter)   Turns: 1680, Time: 00:03:28

Health: -2/32      AC: 12    Str: 20    XL:     4   Next: 92%
Magic:  4/4        EV:  7    Int:  9    God:
Gold:   75         SH:  9    Dex:  9    Spells: 3/3 levels left

rFire    . . .     SeeInvis .   o - +1 dagger (freeze)
rCold    . . .     Gourm    .   c - +0 shield
rNeg     + . .     Faith    .   b - +0 scale mail
rPois    ∞         Spirit   .   i - +1 helmet
rElec    +         Reflect  .   (no cloak)
rCorr    .         Harm     .   (no gloves)
MR       .....                  (no boots)
Stlth    ..........             (no amulet)
HPRegen  0.10/turn              (no ring)
MPRegen  0.09/turn              (no ring)

@: no status effects
A: negative energy resistance 1, electricity resistance, unbreathing,
petrification resistance, rot immunity, AC +3
a: no special abilities


You were on level 3 of the Dungeon.
You were not hungry.

You visited 1 branch of the dungeon, and saw 3 of its levels.

You collected 75 gold pieces.

Inventory:

Hand Weapons
 a - a +0 flail
 o - a +1 dagger of freezing (weapon)
 q - a +0 vampiric dagger
Armour
 b - a +0 scale mail (worn)
 c - a +0 shield (worn)
 i - a +1 helmet (worn)
Scrolls
 h - 2 scrolls of teleportation {unknown}
 l - 3 scrolls of identify {unknown}
Potions
 d - a potion of might
 e - a potion of haste {unknown}
 g - a potion of curing {unknown}
 j - a potion of resistance {unknown}
 k - a potion of heal wounds {unknown}
 m - a potion of cancellation {unknown}
 n - a potion of mutation {unknown}
 p - a potion of brilliance {unknown}
Comestibles
 f - 6 rations


   Skills:
 * Level 6.0 Fighting
 - Level 2.0 Maces & Flails
 - Level 3.2 Armour
 - Level 3.2 Shields


You had 3 spell levels left.
You didn't know any spells.
Your spell library was empty.

Dungeon Overview and Level Annotations

Branches:
Dungeon (3/15)

Altars:
Qazlal
Yredelemnul


Innate Abilities, Weirdness & Mutations

You are resistant to torment.
Your stone body is resilient. (AC +3)
You are immune to poison.
You resist negative energy. (rN+)
You are resistant to electric shocks. (rElec)
You can survive without breathing.
You are immune to petrification.
You are immune to rotting.


Message History

You completely miss the gnoll. The gnoll hits you with a +0 halberd!
* * * LOW HITPOINT WARNING * * *
A goblin comes into view. It is wielding a +0 club.
The goblin shouts!
You hit the gnoll. You freeze the gnoll.
The gnoll is moderately wounded.
The gnoll barely misses you.
You hit the gnoll. You freeze the gnoll.
The gnoll is moderately wounded.
The gnoll barely misses you.
You hit the gnoll. You freeze the gnoll.
The gnoll is heavily wounded.
You block the gnoll's attack.
You closely miss the gnoll.
The gnoll is heavily wounded.
The gnoll closely misses you.
You barely miss the gnoll.
The gnoll is heavily wounded.
The gnoll hits you with a +0 halberd!
You die...

### ..> #.# . #.#
....##<####
#..........#
#..#.##.##.# ..
#.##@# ##.#
#..####.##g##...#
.........ggg).# #
#.%..#......#
.#...#..........
.........###..
............
........##.###
#...#.#.# .#


You could see 3 gnolls and a goblin.

Vanquished Creatures
  A crimson imp (D:2)
  3 adders (D:2)
  2 oozes
  A worm (D:2)
  A dart slug (D:1)
  A leopard gecko (D:2)
  8 bats
  4 giant cockroaches
  2 goblins
  4 hobgoblins
  4 kobolds
  2 frilled lizards
  3 rats
36 creatures vanquished.

Notes
Turn   | Place    | Note
-------+----------+-------------------------------------------
     0 | D:1      | ClockworkOrrery the Gargoyle Fighter began the quest for
                  | the Orb.
     0 | D:1      | Reached XP level 1. HP: 14/14 MP: 1/1
   103 | D:1      | Reached XP level 2. HP: 20/20 MP: 2/2
   109 | D:1      | Reached skill level 4 in Fighting
   713 | D:2      | Reached XP level 3. HP: 22/24 MP: 3/3
   869 | D:2      | Reached skill level 5 in Fighting
   947 | D:2      | Reached XP level 4. HP: 15/31 MP: 4/4
  1507 | D:2      | Found a stormy altar of Qazlal.
  1610 | D:2      | Reached skill level 6 in Fighting
  1620 | D:2      | Found a basalt altar of Yredelemnul.
  1680 | D:3      | Slain by a gnoll

Levels and vault maps discovered:
D:1:      psy_arrival_spokes, layout_basic, nrook_campfire
D:2:      layout_rooms, marbit_many_paths, grunt_qazlal_clouds
D:3:      layout_loops_ring, nicolae_gozag_seed_capital, first_ration,
          minmay_diced_spiral

Skill      XL: |  1  2  3  4 |
---------------+-------------+-----
Fighting       | 4 5 6 |  6.0
Maces & Flails | |  2.0
Armour         | |  3.2
Shields        | |  3.2

Action                   |  1- 3 |  4- 6 || total
-------------------------+-------+-------++-------
Melee: Flail             |    80 |       ||    80
       Dagger            |    84 |    70 ||   154
  Eat: Chunk             |       |     3 ||     3
Armor: Scale mail        |    95 |    36 ||   131
Dodge: Dodged            |    53 |    26 ||    79
Block: Shield            |   104 |    40 ||   144
